Map: Rorschach LE

Players

ShoWTimE

  • Race: Protoss Protoss
  • Spawn Location: 5:00

Arrogfire - Winner!

  • Race: Protoss Protoss
  • League: Master
  • Spawn Location: 7:00

Event: HomeStory Cup XXIX

VOD

Have the link to the VOD?

Description

Time

  • Played on: July 3, 2026, 12:06 p.m.
  • Length: 9:10

All games in this series

Show
View Real Time Build Order
Export as new Build Order

ShoWTimE Protoss 

Build Orders: Phoenix Opening 

Get SALT Encoding   

  8  0:00  Probe (Chrono Boost)  
  9  0:12  Probe (Chrono Boost)  
  10  0:18  Probe (Chrono Boost)  
  11  0:26  Probe  
  12  0:32  Pylon  
  12  0:38  Probe  
  13  0:50  Probe  
  13  0:55  Gateway  
  14  1:03  Probe (Chrono Boost)  
  15  1:05  Assimilator  
  15  1:12  Probe (Chrono Boost)  
  15  1:13  Assimilator  
  15  1:17  Probe (Chrono Boost)  
  17  1:29  Probe  
  18  1:41  Probe  
  18  1:42  Cybernetics Core  
  18  1:46  Gateway  
  19  1:53  Probe  
  20  1:57  Pylon  
  20  2:05  Probe  
  21  2:17  Probe  
  21  2:18  Stalker, Warp Gate  
  24  2:29  Probe  
  25  2:33  Phoenix  
  25  2:34  Pylon, Sentry  
  27  2:41  Probe  
  28  2:52  Stalker  
  30  3:00  Sentry  
  32  3:16  Nexus  
  32  3:23  Shield Battery  
  32  3:30  Stalker  
  32  3:33  Sentry  
  36  3:39  Shield Battery  
  36  3:46  Pylon  
  36  3:50  Probe  
  37  3:56  Shield Battery  
  37  4:07  Sentry  
  39  4:11  Stalker  
  39  4:13  Probe  
  42  4:25  Probe  
  42  4:27  Probe  
  44  4:36  Stalker  
  44  4:37  Probe  
  47  4:40  Probe  
  48  4:47  Shield Battery  
  48  4:49  Stalker, Probe  
  52  4:52  Probe  
  52  5:00  Pylon  
  52  5:01  Probe  
  52  5:04  Probe (Chrono Boost)  
  54  5:10  Robotics Facility  
  54  5:13  Phoenix  
  54  5:14  Shield Battery  
  55  5:17  Probe (Chrono Boost)  
  55  5:19  Probe (Chrono Boost)  
  56  5:24  Probe (Chrono Boost)  
  56  5:27  Probe (Chrono Boost)  
  58  5:31  Probe  
  58  5:32  Pylon  
  58  5:33  Assimilator  
  59  5:37  Twilight Council  
  59  5:38  Probe  
  60  5:43  Probe, Stalker  
  60  5:48  Shield Battery  
  63  5:50  Probe  
  63  5:55  Probe  
  65  5:58  Stalker  
  65  6:02  Probe  
  62  6:07  Probe  
  62  6:10  Observer (Chrono Boost)  
  64  6:13  Blink (Chrono Boost)  
  64  6:14  Probe  
  64  6:18  Stalker  
  67  6:19  Probe  
  68  6:26  Probe  
  68  6:27  Immortal (Chrono Boost), Pylon  
  68  6:29  Pylon  
  73  6:41  Pylon  
  73  6:44  Nexus  
  73  6:48  Probe x2  
  73  6:53  Shield Battery  
  75  6:57  Stalker  
  77  7:02  Stalker  
  77  7:06  Immortal (Chrono Boost)  
  83  7:18  Shield Battery  
  79  7:23  Stalker  
  79  7:25  Probe  
  79  7:28  Stalker  
  78  7:31  Shield Battery  
  78  7:33  Immortal (Chrono Boost)  
  82  7:39  Gateway  
  82  7:40  Shield Battery  
  82  7:48  Stalker  
  82  7:50  Stalker  
  75  7:59  Probe  
  75  8:00  Probe x2  
  75  8:04  Immortal (Chrono Boost)  
  78  8:07  Gateway  
  78  8:11  Stalker  
  78  8:12  Probe, Stalker  
  87  8:13  Probe x2  
  87  8:16  Shield Battery  
  85  8:24  Probe  
  85  8:25  Probe  
  62  8:44  Stalker x2  
  62  8:48  Probe x2  
  64  8:50  Stalker  
Show
View Real Time Build Order
Export as new Build Order

Arrogfire Protoss - Winner!

Build Orders:  

Get SALT Encoding   

  8  0:00  Probe (Chrono Boost)  
  9  0:12  Probe (Chrono Boost)  
  10  0:18  Probe (Chrono Boost)  
  11  0:26  Probe  
  12  0:32  Pylon  
  12  0:38  Probe  
  13  0:50  Probe  
  13  0:54  Gateway  
  14  1:03  Probe (Chrono Boost)  
  15  1:04  Assimilator  
  16  1:12  Probe (Chrono Boost)  
  16  1:15  Assimilator  
  16  1:17  Probe (Chrono Boost)  
  17  1:29  Probe  
  18  1:34  Gateway  
  18  1:41  Probe  
  19  1:47  Cybernetics Core  
  19  1:53  Probe  
  20  1:58  Pylon  
  20  2:05  Probe  
  21  2:17  Probe  
  21  2:22  Warp Gate (Chrono Boost)  
  22  2:23  Stalker  
  22  2:24  Stalker  
  26  2:32  Probe  
  27  2:41  Pylon  
  27  2:51  Stalker  
  28  2:59  Stalker  
  30  3:06  Gateway  
  30  3:10  Probe  
  31  3:19  Sentry  
  33  3:26  Stalker  
  35  3:44  Pylon  
  35  4:03  Sentry  
  35  4:05  Sentry  
  35  4:07  Nexus, Probe  
  40  4:19  Probe  
  40  4:20  Pylon  
  39  4:31  Probe (Chrono Boost)  
  39  4:36  Adept x2  
  44  4:40  Phoenix  
  44  4:44  Probe (Chrono Boost)  
  45  4:50  Probe (Chrono Boost)  
  46  4:55  Twilight Council  
  46  4:58  Probe  
  47  5:10  Probe (Chrono Boost)  
  48  5:20  Probe (Chrono Boost)  
  49  5:24  Stalker x2  
  49  5:27  Blink (Chrono Boost)  
  49  5:28  Probe (Chrono Boost)  
  54  5:30  Probe (Chrono Boost)  
  54  5:34  Probe (Chrono Boost)  
  54  5:35  Probe (Chrono Boost)  
  57  5:46  Probe  
  58  5:50  Pylon  
  58  6:00  Probe x2  
  58  6:01  Phoenix  
  56  6:08  Stalker  
  56  6:09  Stalker  
  58  6:12  Probe x2  
  58  6:15  Gateway  
  58  6:16  Gateway  
  60  6:18  Assimilator  
  60  6:19  Gateway  
  60  6:21  Gateway  
  60  6:24  Probe x2  
  62  6:32  Pylon, Assimilator  
  62  6:34  Stalker  
  62  6:38  Stalker  
  66  6:46  Pylon  
  66  6:50  Probe x2  
  68  6:58  Stalker  
  68  6:59  Stalker  
  72  7:10  Pylon  
  72  7:12  Stalker  
  72  7:28  Stalker x5  
  82  7:34  Stalker x2  
  84  7:40  Probe  
  85  7:44  Pylon  
  83  7:54  Stalker x3  
  83  7:59  Stalker  
  83  8:00  Stalker  
  87  8:07  Stalker  
  87  8:09  Stalker  
  75  8:35  Stalker x6  
  85  8:42  Stalker  
Tags
 
Add a new tag
Caveats
  • Supply blocks, unpowered buildings, or Contaminate may cause inaccurate times.
  • Supply counts are checked every 10 seconds.